 Dungeon Crawl Stone Soup version 0.18.1-51-gd549091e01 (webtiles) character file.

8915 magog001 the Blocker (level 11, -6/99 HPs)
             Began as a Minotaur Fighter on July 30, 2020.
             Was a Believer of Nemelex Xobeh.
             Killed by divine providence
             ... invoked by an orc priest
              (13 damage)
             ... on level 10 of the Dungeon.
             The game lasted 00:49:31 (10257 turns).

magog001 the Blocker (Minotaur Fighter)            Turns: 10257, Time: 00:49:31

Health: -6/99      AC: 24    Str: 19 (23) XL:     11   Next: 16%
Magic:  10/10      EV:  7    Int:  3      God:    Nemelex Xobeh [**....]
Gold:   306        SH: 12    Dex: 13      Spells: 0 memorised, 10 levels left

rFire  . . .     SeeInvis .     a - +3 war axe
rCold  . . .     Gourm    +     w - +6 chain mail
rNeg   . . .     Faith    .     c - +0 shield
rPois  .         Spirit   .     (helmet unavailable)
rElec  .         Dismiss  .     H - +0 cloak
rCorr  .         Reflect  .     b - +0 pair of gloves
SustAt .         Harm     .     i - +0 pair of boots
MR     .....                    t - amulet of the gourmand
Stlth  ..........               d - ring of loudness (curse)
                                E - +2 ring of protection

@: very slightly contaminated, hasted and slowed, not resistant to hostile
enchantments, extremely unstealthy
A: retaliatory headbutt, horns 3, thin skeletal structure 1, deterioration 1,
dopey 1
a: Renounce Religion


You were on level 10 of the Dungeon.
You worshipped Nemelex Xobeh.
Nemelex Xobeh was pleased with you.
You were completely stuffed.

You visited 1 branch of the dungeon, and saw 10 of its levels.

You collected 494 gold pieces.
You spent 188 gold pieces at shops.

Inventory:

Hand Weapons
 a - a +3 war axe (weapon)
 v - a +0 blowgun
Missiles
 l - 6 javelins (quivered)
 o - 85 sling bullets
 u - 29 poisoned needles
 B - 7 tomahawks
Armour
 b - a +0 pair of gloves (worn)
 c - a +0 shield (worn)
 i - a +0 pair of boots (worn)
 w - a +6 chain mail (worn)
 H - a +0 cloak (worn)
Jewellery
 d - a cursed ring of loudness (right hand)
 t - an amulet of the gourmand (around neck)
 x - an uncursed ring of flight
 z - a +3 ring of strength
 E - a +2 ring of protection (left hand)
 K - an uncursed amulet of regeneration {unknown}
Wands
 e - a wand of lightning (3/15)
 q - a wand of disintegration (14/24)
 C - a wand of acid (11/15)
Scrolls
 g - 2 scrolls of fear
 j - a scroll of amnesia
 n - 2 scrolls of teleportation
 r - 5 scrolls of identify
Potions
 h - a potion of resistance
 p - a potion of cancellation
 G - 5 potions of brilliance
 I - a potion of flight
Miscellaneous
 m - a plain deck of escape {drawn: 1}
 y - a plain deck of war
 A - an ornate deck of destruction {drawn: 1}
 D - a plain deck of war
Comestibles
 f - 6 bread rations
 s - 9 beef jerkies
 F - 2 fruits


   Skills:
 * Level 10.1 Fighting
 * Level 11.3 Axes
 * Level 10.7 Armour
 * Level 11.3 Shields


You had 10 spell levels left.
You didn't know any spells.

Dungeon Overview and Level Annotations

Branches:
Dungeon (10/15)            Temple (0/1) D:5             Orc (0/2) D:10
   Lair: D:8-11

Altars:
Cheibriados
Elyvilon
Gozag
Kikubaaqudgha
Nemelex Xobeh
Okawaru
Pakellas
Sif Muna
Zin

Shops:
D:9 =}

Annotations:
D:10 Josephine


Innate Abilities, Weirdness & Mutations

You reflexively headbutt those who attack you in melee.
You have a pair of large horns on your head.
You have a somewhat thin skeletal structure (Dex +2, Stealth).
Your body sometimes deteriorates upon taking damage.
You are dopey. (Int -2)


Message History

Josephine is severely wounded.
You block Josephine's attack. The wraith barely misses you.
You furiously retaliate!
You headbutt the wraith. Your orc hits the wraith with a club.
The wraith hits your centaur zombie.
Your centaur zombie hits the wraith but does no damage.
The wraith hits you but does no damage. The wraith hits you!
* * * LOW HITPOINT WARNING * * *
Evoke which item? (* to show all) (? for menu, Esc to quit)
You draw a card...
It is Swap.
You swap places with your centaur zombie.
Your orc dissolves into shadows!
Your centaur zombie dissolves into shadows!
You block the wraith's attack. The wraith hits you but does no damage.
Something hits you but does no damage. The wraith closely misses you.
You furiously retaliate!
You headbutt the wraith, but do no damage.
The orc priest calls down the wrath of Beogh upon you.
Beogh smites you!
You die...
Your body disappears without a glow.

............. . #.........#
....... . #.........#
#......... #.........#
#......... ..# #.....>...#
#......... ..#
#.........###......... ..#
#..................>.. . ..#
#..........WWW........ .
..######........@..@W........
. .........##.......W..o)...#
. .........##.###############
# .........##.# #
.........##.# # .........##.#
# )........##.# #
#%)......##.# # #()(((...##.#


You could see Josephine, 5 wraiths and an orc priest.

Vanquished Creatures
  Erica (D:9)
  The ghost of magog001 the Slinger, a novice MiHu of Nemelex Xobeh (D:6)
  A hill giant (D:9)
  An ugly thing (D:7)
  Joseph (D:7)
  Maurice (D:9)
  A gargoyle (D:9)
  2 trolls
  2 hippogriffs
  Grum (D:10)
  A hungry ghost (D:9)
  Menkaure (D:4)
  Edmund (D:4)
  6 orc warriors
  A sky beast (D:7)
  A black bear (D:9)
  An eye of draining (D:8)
  2 ice beasts
  3 phantoms
  9 ogres
  2 wolves (D:10)
  4 centaurs
  A big kobold (D:10)
  Blork the orc (D:5)
  3 giant frogs
  2 scorpions
  5 killer bees (D:9)
  5 wights (D:8)
  3 howler monkeys
  2 crimson imps (D:9)
  3 hounds
  A giant frog zombie (D:5)
  4 jellies
  7 orc priests
  Crazy Yiuf (D:7)
  2 centaur skeletons
  An iguana (D:9)
  3 orc wizards
  7 worker ants
  A worker ant zombie (D:9)
  14 adders
  2 shadow imps
  An adder zombie (D:6)
  4 oozes
  4 worms
  2 dart slugs (D:1)
  6 giant geckos
  63 orcs
  9 bats
  7 giant cockroaches
  7 goblins
  8 hobgoblins
  8 jackals
  2 quokkas (D:4)
  4 giant newts
  A jackal skeleton (D:4)
  16 kobolds
  A quokka skeleton (D:4)
  A quokka zombie (D:10)
  6 rats
262 creatures vanquished.

Vanquished Creatures (collateral kills)
  An orc (D:10)
1 creature vanquished.

Vanquished Creatures (others)
  A fire dragon (D:9)
1 creature vanquished.

Grand Total: 264 creatures vanquished

Notes
Turn   | Place    | Note
--------------------------------------------------------------
     0 | D:1      | magog001 the Minotaur Fighter began the quest for the Orb.
     0 | D:1      | Reached XP level 1. HP: 19/19 MP: 0/0
   254 | D:1      | Reached XP level 2. HP: 16/27 MP: 1/1
   825 | D:1      | Reached XP level 3. HP: 33/33 MP: 2/2
  1425 | D:2      | Found a white marble altar of Elyvilon.
  1432 | D:2      | Found an opulent altar of Gozag.
  1438 | D:2      | Found an ancient bone altar of Kikubaaqudgha.
  1724 | D:2      | Found a glowing silver altar of Zin.
  1724 | D:2      | Found a deep blue altar of Sif Muna.
  2081 | D:3      | Reached XP level 4. HP: 41/41 MP: 3/3
  2285 | D:3      | Reached XP level 5. HP: 29/47 MP: 4/4
  2287 | D:3      | Reached skill level 5 in Shields
  3245 | D:3      | Gained mutation: You have a somewhat thin skeletal structure (Dex +2, Stealth). [potion of mutation]
  3245 | D:3      | Gained mutation: Your body sometimes deteriorates upon taking damage. [potion of mutation]
  3245 | D:3      | Gained mutation: You are robust (+10% HP). [potion of mutation]
  3299 | D:4      | Reached skill level 5 in Armour
  3373 | D:4      | Found a sparkling altar of Nemelex Xobeh.
  3377 | D:4      | Became a worshipper of Nemelex Xobeh the Trickster
  3398 | D:4      | Reached skill level 5 in Fighting
  3410 | D:4      | Noticed an ogre
  3414 | D:4      | Noticed Edmund
  3416 | D:4      | Killed an ogre
  3416 | D:4      | Reached XP level 6. HP: 61/61 MP: 5/5
  3429 | D:4      | Killed Edmund
  3522 | D:4      | Noticed Menkaure
  3530 | D:4      | Killed Menkaure
  3530 | D:4      | Reached XP level 7. HP: 62/68 MP: 6/6
  3551 | D:4      | Received a gift from Nemelex Xobeh
  3717 | D:4      | Reached skill level 5 in Axes
  3959 | D:5      | Entered Level 5 of the Dungeon
  3959 | D:5      | Noticed Blork the orc
  3966 | D:5      | Killed Blork the orc
  4041 | D:5      | Reached XP level 8. HP: 78/78 MP: 7/7
  4169 | D:5      | Found a staircase to the Ecumenical Temple.
  4623 | D:6      | Reached * piety under Nemelex Xobeh
  4623 | D:6      | Received a gift from Nemelex Xobeh
  4631 | D:6      | Noticed magog001's ghost (novice MiHu)
  4666 | D:6      | Killed magog001's ghost
  4948 | D:6      | Found a sparkling altar of Nemelex Xobeh.
  5266 | D:6      | Reached XP level 9. HP: 71/86 MP: 8/8
  5769 | D:7      | Gained mutation: You are dopey. (Int -2) [potion of mutation]
  5769 | D:7      | Lost mutation: You are robust (+10% HP). [potion of mutation]
  5769 | D:7      | Gained mutation: You have a pair of large horns on your head. [potion of mutation]
  6062 | D:7      | Noticed Joseph
  6064 | D:7      | Noticed a purple ugly thing
  6080 | D:7      | Killed Joseph
  6085 | D:7      | Killed a purple ugly thing
  6369 | D:7      | Gained mutation: You are agile. (Dex +2) [potion of mutation]
  6369 | D:7      | Lost mutation: You are agile. (Dex +2) [potion of mutation]
  6383 | D:7      | Noticed Crazy Yiuf
  6454 | D:7      | Killed Crazy Yiuf
  6622 | D:8      | Found a snail-covered altar of Cheibriados.
  6772 | D:8      | Noticed a troll
  6788 | D:8      | Killed a troll
  6819 | D:8      | Found an iron altar of Okawaru.
  6997 | D:8      | Received a gift from Nemelex Xobeh
  7069 | D:8      | Reached ** piety under Nemelex Xobeh
  7095 | D:8      | Reached XP level 10. HP: 50/90 MP: 9/9
  7713 | D:9      | Noticed Erica
  7728 | D:9      | Killed Erica
  7728 | D:9      | Reached skill level 10 in Axes
  7728 | D:9      | Reached skill level 10 in Shields
  8077 | D:9      | Noticed Maurice
  8114 | D:9      | Killed Maurice
  8114 | D:9      | Reached skill level 10 in Armour
  8175 | D:9      | Found Imoo's Quality Used Wands.
  8334 | D:9      | Found Nilacrui's Jewellery Boutique.
  8377 | D:9      | Found an oddly glowing altar of Pakellas.
  8377 | D:9      | Noticed a fire dragon
  8405 | D:9      | Killed a fire dragon
  8495 | D:9      | Noticed a hill giant
  8508 | D:9      | Killed a hill giant
  8650 | D:9      | Noticed a gargoyle
  8661 | D:9      | Killed a gargoyle
  9354 | D:9      | Reached XP level 11. HP: 95/99 MP: 10/10
  9362 | D:9      | Reached skill level 10 in Fighting
  9538 | D:9      | Got an ancient leather armour
  9549 | D:9      | Identified the +3 leather armour "Sacreud" {-Tele rF+ Str+4 Dex+4} (You found it on level 9 of the Dungeon)
  9654 | D:10     | Entered Level 10 of the Dungeon
  9795 | D:9      | Bought a +3 ring of strength for 188 gold pieces
  9873 | D:10     | Noticed Grum
  9885 | D:10     | Killed Grum
  9916 | D:10     | Received a gift from Nemelex Xobeh
 10239 | D:10     | Noticed Josephine
 10242 | D:10     | Found a staircase to the Orcish Mines.
 10257 | D:10     | Killed from afar by an orc priest

Skill      XL: |  1  2  3  4  5  6  7  8  9 10 11 |
---------------+----------------------------------+-----
Shields        | 4 5 6 8 9 11 | 11.3
Armour         | 4 5 6 7 8 9 10 | 10.7
Fighting       | 4 5 6 7 8 9 10 | 10.1
Axes           | 3 4 5 7 9 11 | 11.3

Action                   |  1- 3 |  4- 6 |  7- 9 | 10-12 || total
-------------------------+-------+-------+-------+-------++-------
Melee: War axe           |    87 |   102 |   266 |   269 ||   724
       Headbutt          |    14 |    26 |    63 |    69 ||   172
Throw: Javelin           |     2 |       |       |       ||     2
Evoke: Deck              |       |       |       |     2 ||     2
  Use: Potion            |       |    10 |     3 |     3 ||    16
       Scroll            |       |     9 |     5 |     9 ||    23
 Stab: Distracted        |       |       |       |     1 ||     1
  Eat: Bread ration      |     1 |     1 |       |       ||     2
       Pizza             |     1 |       |       |       ||     1
       Chunk             |       |     1 |    21 |    16 ||    38
       Meat ration       |       |       |     1 |       ||     1
Armor: Scale mail        |    66 |    27 |       |       ||    93
       Chain mail        |       |     9 |   101 |   126 ||   236
Dodge: Dodged            |    37 |    30 |    86 |    99 ||   252
Block: Shield            |    46 |    54 |   140 |   173 ||   413
